 Dungeon Crawl Stone Soup version 0.22.1-2-g9c5b331 (webtiles) character file.

75 Leeroy the Charmwright (level 4, -2/38 HPs)
             Began as a Gnoll Skald on Dec 22, 2018.
             Slain by a worm (9 damage)
             ... on level 2 of the Dungeon on Dec 25, 2018.
             The game lasted 00:08:24 (1176 turns).

Leeroy the Charmwright (Gnoll Skald)                Turns: 1176, Time: 00:08:25

Health: -2/38      AC:  3    Str: 13    XL:     4   Next: 31%
Magic:  11/11      EV: 14    Int: 17    God:
Gold:   71         SH:  0    Dex: 14    Spells: 2/13 levels left

rFire    . . .     SeeInvis .   a - +0 falchion
rCold    . . .     Gourm    .   (no shield)
rNeg     . . .     Faith    .   b - +0 leather armour
rPois    .         Spirit   .   (no helmet)
rElec    .         Reflect  .   (no cloak)
rCorr    .         Harm     .   (no gloves)
MR       .....                  (no boots)
Stlth    +.........             (no amulet)
HPRegen  0.12/turn              (no ring)
MPRegen  0.12/turn              (no ring)

@: lethally poisoned (-2 -> -3)
A: distributed training, fangs 1, strong nose
a: no special abilities


You were on level 2 of the Dungeon.
You were not hungry.

You visited 1 branch of the dungeon, and saw 2 of its levels.

You collected 71 gold pieces.

Inventory:

Hand Weapons
 a - a +0 falchion (weapon)
 f - a +0 dagger
 g - a +0 whip
 l - a +0 spear
 m - a +0 short sword
Missiles
 q - 57 stones (quivered)
Armour
 b - a +0 leather armour (worn)
 r - a +0 chain mail
 s - a +0 ring mail
Scrolls
 c - a scroll of random uselessness {unknown}
 h - a scroll of remove curse {unknown}
 i - 2 scrolls of amnesia {unknown}
 j - 2 scrolls of teleportation {unknown}
 o - a scroll of immolation {unknown}
 w - a scroll of blinking {unknown}
Potions
 e - a potion of resistance {unknown}
 k - a potion of degeneration {unknown}
 n - a potion of cancellation {unknown}
 p - a potion of ambrosia {unknown}
 u - a potion of heal wounds {unknown}
 v - a potion of invisibility {unknown}
Comestibles
 d - 7 rations
 t - 9 chunks of flesh


   Skills:
 + Level 4.6 Fighting
 + Level 1.1 Short Blades
 + Level 4.6 Long Blades
 + Level 1.1 Axes
 + Level 1.1 Maces & Flails
 + Level 1.1 Polearms
 + Level 1.1 Staves
 + Level 1.1 Slings
 + Level 1.1 Bows
 + Level 1.1 Crossbows
 + Level 1.1 Throwing
 + Level 2.7 Armour
 + Level 4.6 Dodging
 + Level 1.1 Stealth
 + Level 1.1 Shields
 + Level 1.1 Unarmed Combat
 + Level 5.0 Spellcasting
 + Level 0.8 Conjurations
 + Level 0.8 Hexes
 + Level 5.4 Charms
 + Level 0.8 Summonings
 + Level 0.8 Necromancy
 + Level 0.8 Translocations
 + Level 0.8 Transmutations
 + Level 0.8 Fire Magic
 + Level 0.8 Ice Magic
 + Level 0.8 Air Magic
 + Level 0.8 Earth Magic
 + Level 0.8 Poison Magic
 + Level 1.2 Invocations
 + Level 1.1 Evocations


You had 2 spell levels left.
You knew the following spells:

 Your Spells              Type           Power        Failure   Level  Hunger
a - Infusion              Chrm           ###.         1%          1    None
b - Song of Slaying       Chrm           ###.....     2%          2    #......
c - Shroud of Golubria    Chrm/Tloc      ###.......   8%          2    #......
d - Regeneration          Chrm/Necr      ###.......   14%         3    ###....
e - Spectral Weapon       Hex/Chrm       ###.....     14%         3    ###....

Your spell library contained the following spells:

 Spells                   Type           Power        Failure   Level  Hunger


Dungeon Overview and Level Annotations

Branches:
Dungeon (2/15)

Altars:


Innate Abilities, Weirdness & Mutations

Your experience applies equally to all skills.
You have very sharp teeth.
Your uncanny sense of smell can sniff out nearby items.


Message History

You feel sick.
You feel sick.
You feel sick.
d - 7 rations (gained 1)
A worm comes into view.
A worm is nearby!
A worm is nearby!
You feel sick.
You feel sick. The worm bites you.
You slash the worm!
The worm is heavily wounded.
You hit the worm.
The worm is severely wounded.
The worm bites you!
* * * LOW HITPOINT WARNING * * *
You hit the worm.
The worm is almost dead.
You feel sick. The worm bites you!
You die...

#.#..# # #..#
#.#..#.# #..#
#.#..#.#.#
#.#......#
#.#..#########
..#...........
.......#...####
.#######...♣P#
#w@.≈♣ ♣♣..≈♣
...≈≈♣ P≈...P≈♣
P≈≈...P≈≈♣
≈P≈....≈PP♣
≈≈≈P≈..≈≈≈≈♣
≈≈≈≈P♣...≈P♣♣


You could see a worm.

Vanquished Creatures
  A gnoll (D:1)
  2 adders (D:2)
  An ooze (D:1)
  A dart slug (D:1)
  2 leopard geckos
  3 orcs (D:2)
  A ball python (D:1)
  2 giant cockroaches
  6 goblins
  4 hobgoblins
  2 kobolds (D:1)
  6 bats (D:1)
  A frilled lizard (D:1)
  A rat (D:1)
33 creatures vanquished.

Notes
Turn   | Place    | Note
-------+----------+-------------------------------------------
     0 | D:1      | Leeroy the Gnoll Skald began the quest for the Orb.
     0 | D:1      | Reached XP level 1. HP: 20/20 MP: 6/6
    84 | D:1      | Reached XP level 2. HP: 5/26 MP: 7/7
    91 | D:1      | Learned a level 2 spell: Song of Slaying
    94 | D:1      | Learned a level 2 spell: Shroud of Golubria
   497 | D:1      | Reached XP level 3. HP: 31/31 MP: 9/9
   519 | D:1      | Reached skill level 5 in Spellcasting
   564 | D:1      | Learned a level 3 spell: Regeneration
   572 | D:1      | Learned a level 3 spell: Spectral Weapon
   622 | D:1      | Reached skill level 1 in Invocations
   984 | D:2      | Reached skill level 1 in Short Blades
   984 | D:2      | Reached skill level 1 in Axes
   984 | D:2      | Reached skill level 1 in Maces & Flails
   984 | D:2      | Reached skill level 1 in Polearms
   984 | D:2      | Reached skill level 1 in Staves
   984 | D:2      | Reached skill level 1 in Slings
   984 | D:2      | Reached skill level 1 in Bows
   984 | D:2      | Reached skill level 1 in Crossbows
   984 | D:2      | Reached skill level 1 in Throwing
   984 | D:2      | Reached skill level 1 in Stealth
   984 | D:2      | Reached skill level 1 in Shields
   984 | D:2      | Reached skill level 1 in Unarmed Combat
   984 | D:2      | Reached skill level 1 in Evocations
   997 | D:2      | Reached XP level 4. HP: 20/38 MP: 11/11
  1176 | D:2      | Slain by a worm

Skill      XL: |  1  2  3 |
---------------+----------+-----
Spellcasting   | 5 |  5.0
Invocations    | 1 |  1.2
Short Blades   | 1 |  1.1
Axes           | 1 |  1.1
Maces & Flails | 1 |  1.1
Polearms       | 1 |  1.1
Staves         | 1 |  1.1
Slings         | 1 |  1.1
Bows           | 1 |  1.1
Crossbows      | 1 |  1.1
Throwing       | 1 |  1.1
Stealth        | 1 |  1.1
Shields        | 1 |  1.1
Unarmed Combat | 1 |  1.1
Evocations     | 1 |  1.1
Fighting       | |  4.6
Long Blades    | |  4.6
Armour         | |  2.7
Dodging        | |  4.6
Conjurations   | |  0.8
Hexes          | |  0.8
Charms         | |  5.4
Summonings     | |  0.8
Necromancy     | |  0.8
Translocations | |  0.8
Transmutations | |  0.8
Fire Magic     | |  0.8
Ice Magic      | |  0.8
Air Magic      | |  0.8
Earth Magic    | |  0.8
Poison Magic   | |  0.8

Action                   |  1- 3 |  4- 6 || total
-------------------------+-------+-------++-------
Melee: Falchion          |    84 |    23 ||   107
       Bite              |    11 |     1 ||    12
 Cast: Shroud of Golubri |     1 |       ||     1
 Stab: Sleeping          |     2 |       ||     2
  Eat: Chunk             |       |     1 ||     1
Armor: Leather armour    |    16 |     3 ||    19
Dodge: Dodged            |    82 |    11 ||    93
       Rpst.: Falchion   |    28 |     3 ||    31
